 Dungeon Crawl Stone Soup version 0.30-a0-760-g5a9884bb7c (webtiles) character file.

Game seed: 15751753637663079790

135 Conn the Firebug (level 5, -2/31 HPs)
             Began as an Octopode Fire Elementalist on Feb 11, 2023.
             Slain by a hobgoblin
             ... wielding a +0 mace
              (9 damage)
             ... on level 3 of the Dungeon.
             The game lasted 00:05:25 (1681 turns).

Conn the Firebug (Octopode Fire Elementalist)       Turns: 1681, Time: 00:05:26

Health: -2/31      AC:  1    Str:  7    XL:     5   Next: 18%
Magic:  6/8        EV: 13    Int: 18    God:
Gold:   109        SH:  5    Dex: 16    Spells: 3/9 levels left

rFire   . . .      SeeInvis .    s - +1 spear (venom)
rCold   . . .      Faith    .    (no shield)
rNeg    . . .      Spirit   .    (helmet restricted)
rPois   +          Reflect  +    r - amulet of reflection
rElec   .          Harm     .    (no ring)
rCorr   .          Rampage  .    (no ring)
Will    .....                    (no ring)
Stlth   +++                      (no ring)
HPRegen 0.25/turn                (no ring)
MPRegen 0.11/turn                (no ring)
                                 (no ring)
                                 (no ring)

@: no status effects
A: almost no armour, amphibious, 8 rings, camouflage 1, gelatinous body 1,
(nimble swimmer 1), tentacles, agile 1, low MP 1, poison resistance, evolution 1
a: no special abilities


You were on level 3 of the Dungeon.
You visited 1 branch of the dungeon, and saw 3 of its levels.

You collected 109 gold pieces.

Inventory:

Hand Weapons
 i - a +0 falchion
 s - a +1 spear of venom (weapon)
Missiles
 b - 9 poisoned darts (quivered)
Jewellery
 r - an amulet of reflection (around mantle)
Wands
 n - a wand of flame (8)
Scrolls
 f - a scroll of fear {unknown}
 g - a scroll of blinking {unknown}
 h - 2 scrolls of teleportation {unknown}
 k - 2 scrolls of identify {unknown}
 l - a scroll of immolation {unknown}
 m - a scroll of fog {unknown}
Potions
 a - 3 potions of magic
 c - a potion of mutation
 d - a potion of lignification
 e - a potion of might {unknown}
 j - a potion of curing {unknown}
 o - a potion of flight {unknown}
 p - a potion of berserk rage {unknown}
 q - a potion of degeneration {unknown}


   Skills:
 + Level 0.1 Fighting
 + Level 0.1 Long Blades
 + Level 0.5 Polearms
 + Level 2.5 Dodging
 + Level 3.4 Stealth
 + Level 2.7 Spellcasting
 + Level 2.1 Conjurations
 + Level 4.1 Fire Magic


You had 3 spell levels left.
You knew the following spells:

 Your Spells              Type           Power      Damage    Failure   Level
a - Foxfire               Conj/Fire      52%        2x1d6     4%          1
c - Inner Flame           Hex/Fire       10%        N/A       22%         3
e - Scorch                Fire           34%        2d6       4%          2

Your spell library contained the following spells:

 Spells                   Type           Power      Damage    Failure   Level
 Kindle Blastsparks       Fire/Tloc/Air  14%        2d11      28%         3
 Flame Wave               Conj/Fire      13%        2d6       43%         4


Dungeon Overview and Level Annotations

Branches:
Dungeon (3/15)

Altars:
Hepliaklqana

Shops:
D:1 [


Innate Abilities, Weirdness & Mutations

You cannot wear most types of armour.
You are amphibious.
You can wear up to eight rings at the same time.
Your skin changes colour to match your surroundings (Stealth+).
Your rubbery body absorbs attacks. (AC +1, EV +1)
((You are camouflaged when in or above water. (Stealth+)))
You have tentacles for arms and can constrict up to eight enemies at once.
You are agile. (Dex +4, Str/Int -1)
Your magical capacity is low. (-10% MP)
Your system is resistant to poisons. (rPois)
You have hidden genetic potential.


Message History

A hobgoblin comes into view. It is wielding a +0 mace.
Unknown command.
Unknown command.
Items here: )))))) [ ††††††.
Things that are here:
a +0 mace; an orc corpse
Items here: )))))) [ ††††††.
Okay, then.
An adder comes into view.
Items here: )))))) ††††††.
Things that are here:
a +0 sling; a +0 club
Items here: ! ) [[.
Things that are here:
a +0 dagger; a goblin corpse The hobgoblin shouts!
Items here: ! ) [[.
The adder closely misses you.
You closely miss the adder. You grab the adder. You squeeze the adder.
The adder is heavily wounded.
You constrict the adder. The adder bites you.
You hit the adder.
The adder is poisoned.
The adder is almost dead.
You constrict the adder. The adder bites you. The hobgoblin closely misses you.
The adder misses you.
You hit the adder.
You kill the adder!
The hobgoblin hits you with a +0 mace!
* * * LOW HITPOINT WARNING * * *
The hobgoblin hits you with a +0 mace.
* * * LOW HITPOINT WARNING * * *
You are too injured to fight recklessly!
You are too injured to fight recklessly!
Casting: Foxfire (safe; 4% risk of failure)
Confirm with . or Enter, or press ? or * to list all spells.
Flames lash the hobgoblin.
The hobgoblin is almost dead.
The hobgoblin's fire resistance burns away.
The hobgoblin hits you with a +0 mace!
You die...

...##.≈.###.#§§
#.###§§......§≈
#.# #§§≈≈≈≈≈≈≈≈
###.###..........
..........#.###
###.#####...#
#)#####.###
########))).))>#
......†@#####..#
......g.# #..#
..####..# ...#
#... #'#.. #..#
#.#.## #... #.#.#
.... #. .. ....


You could see a hobgoblin (combustible).

Vanquished Creatures
  An orc priest (D:3)
  Robin (D:3)
  4 adders
  A dart slug (D:1)
  3 orcs (D:3)
  2 bats (D:2)
  7 endoplasms
  2 giant cockroaches (D:3)
  10 goblins
  5 hobgoblins
  2 kobolds
  A quokka (D:2)
  6 ball pythons
  4 frilled lizards
  6 rats
55 creatures vanquished.

Vanquished Creatures (others)
  116 foxfires
  A plant (D:3)
117 creatures vanquished.

Grand Total: 172 creatures vanquished

Notes
Turn   | Place    | Note
-------+----------+-------------------------------------------
     0 | D:1      | Conn the Octopode Fire Elementalist began the quest for the
                  | Orb.
     0 | D:1      | Reached XP level 1. HP: 11/11 MP: 3/3
   133 | D:1      | Reached XP level 2. HP: 17/17 MP: 0/5
   848 | D:2      | Reached XP level 3. HP: 21/21 MP: 1/6
   851 | D:2      | Learned a level 2 spell: Scorch
   855 | D:2      | Learned a level 3 spell: Inner Flame
  1173 | D:2      | Found a hazy altar of Hepliaklqana.
  1501 | D:3      | Reached XP level 4. HP: 27/27 MP: 0/7
  1583 | D:3      | Noticed Robin
  1590 | D:3      | Gained mutation: You have hidden genetic potential. [potion
                  | of mutation]
  1590 | D:3      | Gained mutation: You are agile. (Dex +4, Str/Int -1)
                  | [potion of mutation]
  1590 | D:3      | Gained mutation: Your magical capacity is low. (-10% MP)
                  | [potion of mutation]
  1593 | D:3      | Killed Robin
  1628 | D:3      | Reached skill level 4 in Fire Magic
  1628 | D:3      | Reached XP level 5. HP: 31/31 MP: 5/8
  1646 | D:3      | Gained mutation: Your system is resistant to poisons.
                  | (rPois) [hidden potential]
  1681 | D:3      | Slain by a hobgoblin

Illustrated notes

Levels and vault maps discovered:
D:1:      onia_arrival_handbag, layout_rooms, serial_shops, nicolae_shop_trees
D:2:      layout_basic, basic_altar, minmay_tetromino_o2
D:3:      layout_loops_ring, mainiacjoe_overflow_surrounded_room,
          mainiacjoe_overflow_brackets, corexii_shack,
          chequers_serial_rivers_room_b, uniq_terence, uniq_robin

Skill      XL: |  1  2  3  4 |
---------------+-------------+-----
Stealth        | 3 |  3.4
Conjurations   | 2 |  2.1
Fire Magic     | 4 |  4.1
Fighting       | |  0.1
Long Blades    | |  0.1
Polearms       | |  0.5
Dodging        | |  2.5
Spellcasting   | |  2.7

Action                     |  1- 3 |  4- 6 || total
---------------------------+-------+-------++-------
  Melee: Falchion          |     6 |       ||     6
         Constrict         |     3 |     2 ||     5
         Unarmed           |     2 |       ||     2
         Tentacles         |     2 |     3 ||     5
         Spear             |       |    48 ||    48
   Cast: Foxfire           |    67 |     2 ||    69
         Inner Flame       |       |     1 ||     1
         Scorch            |       |     1 ||     1
  Evoke: Wand              |       |     1 ||     1
    Use: Potion            |       |     2 ||     2
   Stab: Sleeping          |     1 |     1 ||     2
 Armour: Skin              |     1 |    43 ||    44
  Dodge: Dodged            |    16 |    12 ||    28
  Block: Other             |     1 |    10 ||    11

Table legend: (Time is in decaauts)
 A = Elapsed time spent in this place.
 B = Non-inter-level travel time spent in this place.
 C = Inter-level travel time spent in this place.
 D = Time resting spent in this place.
 E = Time spent auto-exploring this place.
 F = Levels seen in this place.
 G = Mean time per level.
                   A        B        C        D        E       F      G
               +--------+--------+--------+--------+--------+-----+--------+
         Total |   1685 |   1671 |     14 |      0 |   1265 |   3 |  561.7 |
       Dungeon |   1685 |   1671 |     14 |      0 |   1265 |   3 |  561.7 |
               +--------+--------+--------+--------+--------+-----+--------+

Top non-repeatable levels by time:
     D:2: 748 daAuts
     D:1: 738 daAuts
     D:3: 199 daAuts
